 Dungeon Crawl Stone Soup version 0.30-a0-956-gcec3b41aec (webtiles) character file.

Game seed: 1639507367424503613

66 lesbiats the Trooper (level 4, -3/50 HPs)
             Began as an Ogre Fighter on Mar 30, 2023.
             Killed from afar by Natasha (11 damage)
             ... with a magic dart
             ... on level 3 of the Dungeon.
             The game lasted 00:04:12 (2264 turns).

lesbiats the Trooper (Ogre Fighter)                 Turns: 2264, Time: 00:04:12

Health: -3/50      AC:  4    Str: 22    XL:     4   Next: 15%
Magic:  4/4        EV:  8    Int:  9    God:
Gold:   149        SH:  7    Dex:  8    Spells: 3/3 levels left

rFire   . . .      SeeInvis .    a - +0 flail
rCold   . . .      Faith    .    c - +0 kite shield
rNeg    . . .      Spirit   .    b - +0 robe
rPois   .          Reflect  .    (helmet restricted)
rElec   .          Rampage  .    q - +0 cloak
rCorr   .                        (gloves unavailable)
Will    .....                    (boots unavailable)
Stlth   +                        (no amulet)
HPRegen 0.28/turn                (no ring)
MPRegen 0.09/turn                (no ring)

@: no status effects
A: large, unfitting armour, tough skin 1
a: no special abilities


You were on level 3 of the Dungeon.
You visited 1 branch of the dungeon, and saw 3 of its levels.

You collected 149 gold pieces.

Inventory:

Hand Weapons
 a - a +0 flail (weapon)
Missiles
 p - 5 poisoned darts (quivered)
Armour
 b - a +0 robe (worn)
 c - a +0 kite shield (worn)
 q - a +0 cloak (worn)
Jewellery
 s - a ring of positive energy
Scrolls
 f - a scroll of poison {unknown}
 g - 3 scrolls of fog {unknown}
 i - a scroll of noise {unknown}
 k - 2 scrolls of acquirement {unknown}
 l - 5 scrolls of identify {unknown}
 m - a scroll of enchant armour {unknown}
 n - a scroll of immolation {unknown}
Potions
 d - a potion of might
 e - 3 potions of mutation {unknown}
 h - a potion of degeneration {unknown}
 j - a potion of lignification {unknown}
 o - 2 potions of curing {unknown}
 r - a potion of cancellation {unknown}


   Skills:
 + Level 5.0 Fighting
 + Level 2.6 Maces & Flails
 + Level 3.3 Dodging
 - Level 3.0 Shields


You had 3 spell levels left.
You didn't know any spells.
Your spell library was empty.

Dungeon Overview and Level Annotations

Branches:
Dungeon (3/15)

Altars:

Annotations:
D:3 Natasha


Innate Abilities, Weirdness & Mutations

You are too large for most types of armour.
You have tough skin. (AC +1)


Message History

Found a stone staircase leading up.
There is a stone staircase leading up here.
You now have 149 gold pieces (gained 10).
Natasha, Servant of Life and Death comes into view.
She is carrying a wand of roots (8).
Natasha hisses angrily.
Natasha drinks a potion.
Natasha flickers and vanishes!
Deactivating autopickup; reactivate with Ctrl-A.
You miss something.
You hear a zap.
The roots erupt in riotous growth!
The grasping roots grab you!
You are constricted.
You closely miss something. Something claws you!
You are constricted.
You hear some strange, mumbled words.
Something tries to affect you, but you resist.
You are constricted.
You miss something.
You hear some strange, mumbled words.
A magic dart appears from out of thin air!
The magic dart hits you.
You are constricted.
The grasping roots release their grip on you.
You sock something!
You hear a zap.
The roots erupt in riotous growth!
The grasping roots grab you!
You are constricted!
* * * LOW HITPOINT WARNING * * *
You hear some strange, mumbled words.
You are constricted.
* * * LOW HITPOINT WARNING * * *
You barely miss something. Something claws you.
* * * LOW HITPOINT WARNING * * *
You are constricted.
* * * LOW HITPOINT WARNING * * *
The grasping roots release their grip on you.
You thump something!
You hear some strange, mumbled words. x2
A magic dart appears from out of thin air!
The magic dart hits you!
You die...

#.#..#.### #.#..##.#
###..#.######.#..##.#
# #..............##.#
#.##.#####..>..##.#
#.##.#####..#####.##
###...........####...#
.......#####.###.....#
######## #.# #5#...#
############.# #@#####
...........#.# #{#
##########.#.# #5#
#.#.# #.# #### #.#.#
#.# ...# #.#.# #.#
##.# #.#.# #.# #.#
#.#.# #.#
#.#######.#.#


You could see an iron imp (summoned) and a crimson imp (summoned).

Vanquished Creatures
  A worm (D:2)
  A dart slug (D:1)
  An orc (D:3)
  3 bats
  4 endoplasms
  3 giant cockroaches
  6 goblins
  7 hobgoblins
  4 kobolds
  3 quokkas
  7 ball pythons
  3 frilled lizards
  11 rats (D:1)
54 creatures vanquished.

Notes
Turn   | Place    | Note
-------+----------+-------------------------------------------
     0 | D:1      | lesbiats the Ogre Fighter began the quest for the Orb.
     0 | D:1      | Reached XP level 1. HP: 24/24 MP: 1/1
    70 | D:1      | Reached XP level 2. HP: 27/32 MP: 2/2
   458 | D:1      | Reached XP level 3. HP: 40/40 MP: 3/3
  1687 | D:3      | Reached XP level 4. HP: 48/49 MP: 4/4
  2024 | D:3      | Reached skill level 5 in Fighting
  2255 | D:3      | Noticed Natasha
  2264 | D:3      | Killed from afar by Natasha

Illustrated notes

Levels and vault maps discovered:
D:1:      dpeg_arrival_ratfight, layout_loops_ring, chequers_hall_statues_y,
          minmay_misc_feat_doors
D:2:      layout_basic, chequers_serial_rivers_small_a
D:3:      layout_loops_ring, uniq_natasha

Skill      XL: |  1  2  3  4 |
---------------+-------------+-----
Maces & Flails | 2 |  2.6
Dodging        | 3 |  3.3
Fighting       | 5 |  5.0
Shields        | |  3.0

Action                     |  1- 3 |  4- 6 || total
---------------------------+-------+-------++-------
  Melee: Flail             |   141 |    22 ||   163
 Armour: Robe              |    37 |     2 ||    39
  Dodge: Dodged            |    50 |     8 ||    58
  Block: Kite shield       |    42 |     3 ||    45

Table legend: (Time is in decaauts)
 A = Elapsed time spent in this place.
 B = Non-inter-level travel time spent in this place.
 C = Inter-level travel time spent in this place.
 D = Time resting spent in this place.
 E = Time spent auto-exploring this place.
 F = Levels seen in this place.
 G = Mean time per level.
                   A        B        C        D        E       F      G
               +--------+--------+--------+--------+--------+-----+--------+
         Total |   2331 |   2270 |     61 |    150 |   1664 |   3 |  777.0 |
       Dungeon |   2331 |   2270 |     61 |    150 |   1664 |   3 |  777.0 |
               +--------+--------+--------+--------+--------+-----+--------+

Top non-repeatable levels by time:
     D:1: 925 daAuts
     D:2: 807 daAuts
     D:3: 598 daAuts
